[Event "Early-Titled-Tuesday-Blitz-January-30-2024"]
[Site "Chess.com"]
[Date "2024.01.30"]
[Round "11"]
[White "vesalhamedinia"]
[Black "Ducke13"]
[Result "0-1"]
[WhiteElo "2458"]
[BlackElo "2318"]
[TimeControl "180+1"]
[EndTime "10:13:00 PST"]
[Termination "Ducke13 won by resignation"]

1. d4 Nf6 2. c4 g6 3. Nf3 Bg7 4. Nc3 d5 5. Bf4 O-O 6. e3 c5 7. dxc5 Qa5 8. Rc1 Na6 9. cxd5 Nxc5 10. Bc4 Nfe4 11. Be5 Bxe5 12. Nxe5 Nxc3 13. bxc3 Bf5 14.
O-O Rac8 15. Qd4 Rfd8 16. f3 Rd6 17. e4 Bd7 18. Nxd7 Nxd7 19. Bb3 e5 20. dxe6 Rxd4 21. cxd4 Nb6 22. exf7+ Kg7 23. e5 Rxc1 24. Rxc1 Qd2 25.
Rd1 Qe3+ 26. Kh1 a5 27. h3 a4 28. Be6 a3 29. Kh2 Na4 30. Bb3 Nc3 31. Rf1 Qf4+ 32. g3 Qxd4 33. f4 Qd2+ 34. Kh1 Ne2 35. Kg2 Nxf4+ 36. Kf3 Qe2+ 37. Kxf4 Qxf1+ 38. Ke4 Qxh3 39. e6 Qf5+ 40. Kd4 Kf8 41. g4 Qxg4+ 42. Ke5 Ke7 43.
Bd5 Qf5+ 44. Kd4 Kd6 45. Bb3 Qe5+ 46. Kc4 Qxe6+ 47. Kb5 Qf5+ 48. Kb6 Qf3 49. Kb5 Ke7 50. Kb6 h5 51. Kc7 h4 52. f8=Q+ Kxf8 0-1

[Event "Early-Titled-Tuesday-Blitz-January-30-2024"]
[Site "Chess.com"]
[Date "2024.01.30"]
[Round "11"]
[White "Slovineanu"]
[Black "GatoRojo150"]
[Result "1-0"]
[WhiteElo "2464"]
[BlackElo "2558"]
[TimeControl "180+1"]
[EndTime "10:13:02 PST"]
[Termination "Slovineanu won by checkmate"]

1. d4 d5 2. Nf3 Nf6 3. c4 dxc4 4. e3 Bg4 5. Bxc4 e6 6. O-O Nc6 7. h3 Bh5 8. Nc3 Bd6 9. e4 Bxf3 10. gxf3 Nxd4 11.
f4 Bc5 12. Be3 Bb6 13. Na4 c5 14. b4 Nc6 15. bxc5 Bc7 16. e5 Nd5 17. Qf3 O-O 18.
Rfd1 Nce7 19. Nc3 Ng6 20. Nxd5 exd5 21. Bxd5 Qe7 22. Bxb7 Rad8 23. Rxd8 Rxd8 24. Rd1 Rb8 25. Bc6 Nh4 26. Qg4 h5 27. Qxh5 g6 28. Qg4 Rd8 29.
Rxd8+ Bxd8 30. Qd7 Qf8 31. Qe8 Nf5 32. Qxf8+ Kxf8 33. Be4 Ng7 34. c6 Ne6 35. f5 gxf5 36.
Bxf5 Nc7 37. Bxa7 Nd5 38. Be3 Ke7 39. Kg2 Bc7 40. Bd4 Nf4+ 41. Kf3 Nd5 42. Ke4 Nb4 43. a4 Nxc6 44. Bc3 Nb8 45. f4 Na6 46. Bd4 Bd8 47.
Bc8 Nb4 48. Bc5+ Ke8 49. Bxb4 Bc7 50. f5 Kd8 51. Ba6 Bb6 52. Bb5 Kc7 53. e6 fxe6 54.
fxe6 Kd8 55. e7+ Kc7 56. e8=Q Bc5 57. Qd7+ Kb8 58. Bxc5 Ka8 59. Bc6+ Kb8 60. Qb7# 1-0

[Event "Early-Titled-Tuesday-Blitz-January-30-2024"]
[Site "Chess.com"]
[Date "2024.01.30"]
[Round "11"]
[White "C_K_G"]
[Black "djano"]
[Result "0-1"]
[WhiteElo "2161"]
[BlackElo "2632"]
[TimeControl "180+1"]
[EndTime "10:13:02 PST"]
[Termination "djano won on time"]

1. e4 c5 2. Nf3 Nc6 3. d4 cxd4 4. Nxd4 g6 5. f4 Bg7 6. Be3 Nf6 7. Nxc6 bxc6 8.
Nc3 Rb8 9. Rb1 Qa5 10. Bd3 Rxb2 11. Bd2 Rxb1 12. Qxb1 Qb6 13. Qc1 Ng4 14. Nd1 Ba6 15.
h3 Bxd3 16. cxd3 Nf6 17. Ne3 O-O 18. O-O Rb8 19. Kh1 Qb2 20. a4 Nh5 21. Kh2 Nxf4 22.
Rxf4 Be5 23. g3 Bxf4 24. gxf4 Qxc1 25. Bxc1 Rb1 26. Bd2 Rb3 27. Nf1 Rxd3 28. Be3 a5 29.
Bb6 Rf3 30. Ng3 Rxf4 31. Bxa5 Rf2+ 32. Kg1 Ra2 33. Bd8 Rxa4 34. Bxe7 Ra2 35. h4 Rc2 36. h5 c5 37. Kf1 c4 38. hxg6 hxg6 39. Ne2 Ra2 40.
Kf2 Kg7 41. Ke3 Kh6 42. e5 g5 43. Ng3 Kg6 44. Ne4 g4 45. Kf4 Re2 46. Ng3 Rd2 47.
Kxg4 c3 48. Bb4 Rd4+ 49. Kf3 Rxb4 50. Ke3 c2 51. Kd2 Rc4 52. Kc1 Kg5 53. Ne2 Kf5 54.
Ng1 Kxe5 0-1

[Event "Early-Titled-Tuesday-Blitz-January-30-2024"]
[Site "Chess.com"]
[Date "2024.01.30"]
[Round "11"]
[White "gshwbedhkhd"]
[Black "Legendinunknown"]
[Result "0-1"]
[WhiteElo "2619"]
[BlackElo "2832"]
[TimeControl "180+1"]
[EndTime "10:13:03 PST"]
[Termination "Legendinunknown won on time"]

1. e4 e5 2. Nf3 Nc6 3. Nc3 Nf6 4. a3 d6 5. d4 exd4 6. Nxd4 g6 7. h3 Bg7 8. Be3 O-O 9. Qd2 Re8 10. f3 d5 11.
Nxc6 bxc6 12. O-O-O Rb8 13. Bxa7 Rb7 14. Bc5 Be6 15. Ba6 Rb8 16. Rhe1 Nh5 17. g4 Nf6 18. Qf2 Nd7 19. Bd4 Bxd4 20. Rxd4 c5 21. Rxd5 Bxd5 22. Nxd5 Nb6 23. Nc3 Qf6 24. f4 Na4 25. Nxa4 Qxa6 26. Nxc5 Qc4 27. e5 Red8 28. e6 fxe6 29. Qe3 Rd6 30. Ne4 Rdd8 31. Qc3 Qxc3 32. Nxc3 Kf7 33. Ne4 h6 34. Nc5 Rd5 35. b4 Rd4 36. Nxe6 Rc4 37. Kb2 Re8 38. f5 gxf5 39. gxf5 Rh4 40. Re3 Rf4 41.
Rc3 Rxf5 42. Nxc7 Rc8 43. a4 Ke7 44. b5 Kd7 45. Na6 Rxc3 46. Kxc3 Rf3+ 47. Kd4 Rxh3 48.
a5 Ra3 49. Nc5+ Kc7 50. a6 Kb6 51. c4 h5 52. Nd7+ Kc7 53. Nf6 h4 54. Kc5 h3 55.
b6+ Kc8 56. b7+ Kc7 57. Nd7 Rb3 58. a7 Kxb7 0-1

[Event "Early-Titled-Tuesday-Blitz-January-30-2024"]
[Site "Chess.com"]
[Date "2024.01.30"]
[Round "11"]
[White "Kildepiotr"]
[Black "MatthewG-p4p"]
[Result "1-0"]
[WhiteElo "2699"]
[BlackElo "2860"]
[TimeControl "180+1"]
[EndTime "10:13:04 PST"]
[Termination "Kildepiotr won by checkmate"]

1. Nf3 c5 2. e4 g6 3. c3 Bg7 4. h3 a6 5. d4 cxd4 6. cxd4 d5 7. e5 Nc6 8. Nc3 f6 9. exf6 Nxf6 10. Bd3 O-O 11. O-O Nh5 12. Qb3 Rxf3 13. gxf3 Be6 14. Ne2 Bxh3 15. Qxb7 Na5 16. Qb4 Rb8 17. Qc5 Rc8 18.
Qb4 Nc6 19. Qa4 Bxf1 20. Kxf1 e5 21. Bxa6 Rc7 22. Bd2 Qh4 23. Rc1 Qh3+ 24. Kg1 Nxd4 25. Nxd4 Rxc1+ 26. Bxc1 exd4 27. Qe8+ Bf8 28. Bc8 Qxf3 29.
Qe6+ Kg7 30. Qe5+ Nf6 31. Qxd4 h6 32. Bf4 Be7 33. Be6 h5 34. Be5 h4 35. Qxh4 Qd1+ 36. Kg2 Qe2 37. Qd4 g5 38. a4 Kg6 39.
Bxf6 Bxf6 40. Qxd5 Qxb2 41. Bf5+ Kg7 42. Qd7+ Kf8 43. Be6 Be7 44. Qc8+ Kg7 45. Qg8+ Kh6 46. Bf5 Qg7 47. Qe6+ Qf6 48. Qd7 Qd6 49. Qb5 Qc5 50.
Qa6+ Qd6 51. Qc4 Qe5 52. Be4 Qf6 53. a5 Kg7 54. a6 Bd8 55. a7 Qf4 56. a8=Q Bc7 57.
Qag8+ Kh6 58. Qce6+ Kh5 59. Qh7# 1-0

[Event "Early-Titled-Tuesday-Blitz-January-30-2024"]
[Site "Chess.com"]
[Date "2024.01.30"]
[Round "11"]
[White "Eagle_2019"]
[Black "LiemLe"]
[Result "1-0"]
[WhiteElo "2848"]
[BlackElo "3056"]
[TimeControl "180+1"]
[EndTime "10:13:05 PST"]
[Termination "Eagle_2019 won by checkmate"]

1. d4 Nf6 2. c4 e6 3. Nf3 d5 4. Nc3 Nbd7 5. e3 b6 6. Be2 Bb7 7. b3 Bd6 8. O-O O-O 9. Bb2 Re8 10.
Rc1 a6 11. cxd5 exd5 12. Bd3 Ne4 13. Ne2 h5 14. Ng3 g6 15. Qc2 h4 16. Ne2 h3 17. g3 Qf6 18. Ne1 Rac8 19. f3 Ng5 20. f4 Ne4 21. Nf3 Qe6 22. Ne5 c5 23. f5 gxf5 24. Nf4 Qe7 25. Nxd7 Qxd7 26. Bxe4 Rxe4 27. Qe2 Bxf4 28. gxf4 c4 29. Rf3 Qd6 30. Rg3+ Kf8 31. Qh5 b5 32. bxc4 dxc4 33. d5 b4 34. Bg7+ Ke8 35. Rd1 c3 36. Qxf5 Rcc4 37. Bf6 Kf8 38. Rxh3 Ke8 39. Rh8+ Qf8 40. Rxf8+ Kxf8 41. d6 c2 42. Rc1 Bc8 43. d7 Bxd7 44. Qxd7 Rxe3 45. Qd8+ Re8 46. Be7+ Kg7 47. Qxe8 Rxf4 48. Qf8+ Kh7 49. Rxc2 Rg4+ 50. Rg2 Rxg2+ 51. Kxg2 Kg6 52. Qg8+ Kf5 53. Qxf7+ Ke4 54. Bxb4 Kd3 55. Qb3+ Kd4 56. h4 Ke5 57. h5 Kf6 58. h6 Kg6 59. Bd2 Kh7 60. Qf7+ Kh8 61.
Qg7# 1-0

[Event "Early-Titled-Tuesday-Blitz-January-30-2024"]
[Site "Chess.com"]
[Date "2024.01.30"]
[Round "11"]
[White "RCone"]
[Black "chess123456s"]
[Result "0-1"]
[WhiteElo "2390"]
[BlackElo "2538"]
[TimeControl "180+1"]
[EndTime "10:13:06 PST"]
[Termination "chess123456s won on time"]

1. e4 c5 2. Nc3 Nc6 3. Bb5 Nd4 4.
Nf3 a6 5. Bd3 d6 6. O-O Nf6 7.
Nxd4 cxd4 8. Ne2 e5 9. c3 dxc3 10. dxc3 b5 11. a4 Bd7 12. axb5 axb5 13. Bg5 Be7 14. Ng3 O-O 15. Qe2 Qb6 16. b4 Rfc8 17. Bd2 Bc6 18. Nf5 Bf8 19. Qf3 Qb7 20. Rxa8 Rxa8 21.
Re1 d5 22. exd5 Bxd5 23. Qg3 e4 24. Bg5 Nh5 25. Qh4 g6 26. Be2 Be6 27. Nh6+ Bxh6 28.
Bxh6 Ng7 29. Qf6 Nf5 30. Bf4 Qe7 31. Qxe7 Nxe7 32. Bxb5 Nd5 33. Bd2 Rc8 34. c4 Nc7 35.
Rxe4 Rd8 36. Be1 Bf5 37. Re7 Rd1 38. f3 Be6 39. Kf2 Nxb5 40. cxb5 Kf8 41. Rc7 Rd5 42.
b6 Rb5 43. b7 Kg7 44. Bc3+ Kh6 45. Ke3 Bd5 46. Kd4 Bxb7 47. Kc4 Ba6 48. Kd4 Rf5 49. Bd2+ g5 50. h4 Kh5 51. hxg5 Kh4 52. Rc6 Bf1 0-1

[Event "Early-Titled-Tuesday-Blitz-January-30-2024"]
[Site "Chess.com"]
[Date "2024.01.30"]
[Round "11"]
[White "Darkbluelord"]
[Black "lularobs"]
[Result "1-0"]
[WhiteElo "2119"]
[BlackElo "1582"]
[TimeControl "180+1"]
[EndTime "10:13:07 PST"]
[Termination "Darkbluelord won on time"]

1. e4 e6 2. d4 d5 3. Nc3 Bb4 4. e5 c5 5. Bd2 cxd4 6. Nb5 Bxd2+ 7. Qxd2 Nc6 8. f4 Nh6 9. Nd6+ Kf8 10. Nf3 Nf5 11. Nxf5 exf5 12. Nxd4 Be6 13. O-O-O Qa5 14. Qxa5 Nxa5 15. Bd3 Nc6 16. Nxf5 Nb4 17. Nd6 Nxa2+ 18.
Kb1 Nb4 19. f5 Bd7 20. Rhf1 Nxd3 21. Rxd3 Bc6 22. e6 Ke7 23. Nxf7 Rhf8 24. Ne5 Rac8 25. Rg3 Rg8 26. Nxc6+ bxc6 27. Ra3 Rc7 28. Rff3 Kf6 29. g4 Re8 30. Rh3 h6 31. Rhc3 Kg5 32. Ra6 Kxg4 33.
Rcxc6 Rxc6 34. Rxc6 Kxf5 35. Rc7 Kxe6 36. Rxg7 Re7 37. Rg6+ Ke5 38. Rxh6 Kd4 39. c3+ Kc5 40. Rh5 Re2 41. h4 a5 42. Rh8 a4 43. Ra8 Kb5 44.
Rb8+ Kc4 45. Rb4+ Kd3 46. Rxa4 Re1+ 47. Ka2 Rh1 48. Rd4+ Kc2 49. Rxd5 Rxh4 50. Ka3 Rh1 51. c4 Ra1+ 52. Kb4 Rh1 53. c5 Rh4+ 54. Kb5 Kxb2 55. c6 Rh3 56. Rd7 Rb3+ 57. Kc5 Rc3+ 58. Kd6 Rd3+ 59. Kc7 Rc3 60. Rd8 Kb3 61. Rb8+ Kc4 62.
Kb7 Kd5 63. c7 1-0

[Event "Early-Titled-Tuesday-Blitz-January-30-2024"]
[Site "Chess.com"]
[Date "2024.01.30"]
[Round "11"]
[White "shirovin"]
[Black "Arlo2024"]
[Result "0-1"]
[WhiteElo "2052"]
[BlackElo "2278"]
[TimeControl "180+1"]
[EndTime "10:13:08 PST"]
[Termination "Arlo2024 won on time"]

1. e4 e6 2. Nf3 d5 3. e5 c5 4. b4 b6 5. Bb5+ Bd7 6. Bxd7+ Nxd7 7. O-O Ne7 8. d4 cxd4 9. Bb2 Nc6 10. b5 Ncxe5 11. Nxe5 Nxe5 12. Bxd4 Bd6 13. f4 Nc4 14.
Bxg7 Rg8 15. Bd4 Qc7 16. Qf3 O-O-O 17. a4 f5 18. Qf2 Rg4 19. Qe2 Bxf4 20. Qxe6+ Kb8 21.
h3 Bh2+ 22. Kh1 Rxd4 23. Nc3 Be5 24. Rxf5 Re4 25. Rf7 Rd7 26. Qe8+ Rd8 27. Qe6 Bxc3 28. Rxc7 Kxc7 29. Qf7+ Rd7 30. Qf1 Bxa1 31. Qxa1 Rde7 32. Qf6 Ne3 33. Qc6+ Kd8 34. Qd6+ Ke8 35. Qb8+ Kf7 36.
Qd6 R4e6 37. Qf4+ Rf6 38. Qh4 Nf5 39. Qxh7+ Ke6 40. Qg8+ Kd6 41. Qd8+ Ke5 42. Qb8+ Nd6 43. Qd8 Rfe6 44. Qh8+ Ke4 45. c3 Nf5 46. g4 Ng3+ 47. Kg2 Ne2 48. Kf2 Kd3 49. Qh5 Nxc3 50. Qf5+ Kc4 51.
g5 Ne4+ 52. Kg2 Nd6 53. Qf4+ Re4 54. Qf3 Re2+ 55. Kg1 R7e3 56. Qf4+ Re4 0-1

[Event "Early-Titled-Tuesday-Blitz-January-30-2024"]
[Site "Chess.com"]
[Date "2024.01.30"]
[Round "11"]
[White "Jumbo"]
[Black "dropstoneDP"]
[Result "0-1"]
[WhiteElo "2941"]
[BlackElo "3060"]
[TimeControl "180+1"]
[EndTime "10:13:09 PST"]
[Termination "dropstoneDP won on time"]

1. Nf3 d5 2. d4 Nf6 3. c4 dxc4 4. e3 e6 5. Bxc4 c5 6. O-O Nc6 7. Re1 Be7 8. Nc3 O-O 9. dxc5 Qxd1 10. Rxd1 Bxc5 11.
Bd2 b6 12. Rac1 Bb7 13. Be1 Rfd8 14. Rxd8+ Rxd8 15. Kf1 Kf8 16. Ke2 h6 17. a3 Bd6 18.
Bb5 Ne5 19. Nxe5 Bxe5 20. g3 Nd5 21. f4 Nxc3+ 22. Bxc3 Bxc3 23. Rxc3 Rc8 24. Rxc8+ Bxc8 25. Kd3 Ke7 26. Kd4 Bb7 27. e4 Ba8 28. h4 Bb7 29. b4 Ba8 30. g4 Bb7 31. g5 hxg5 32. hxg5 Ba8 33. a4 Bb7 34. a5 Bc8 35. Bd3 Bd7 36.
e5 Bc6 37. Bc2 Bb5 38. Be4 Bd7 39. Kc4 Ba4 40. Kc3 Kd7 41. Kd4 Ke7 42. f5 exf5 43. Bxf5 Bc6 44. Bd3 Bb7 45. Bc4 Bc6 46. Bd5 Bb5 47.
Be4 Ke6 48. Bc2 Bc6 49. Bh7 g6 50. Bg8 Ke7 51. e6 Kxe6 52. axb6 axb6 53. Bh7 Ke7 54. Ke5 Bf3 0-1

[Event "Early-Titled-Tuesday-Blitz-January-30-2024"]
[Site "Chess.com"]
[Date "2024.01.30"]
[Round "11"]
[White "mishanick"]
[Black "KuzubovYuriy"]
[Result "1/2-1/2"]
[WhiteElo "3133"]
[BlackElo "2922"]
[TimeControl "180+1"]
[EndTime "10:13:09 PST"]
[Termination "Game drawn - insufficient material"]

1. d4 g6 2. c4 Bg7 3. e4 d6 4.
Be3 Nc6 5. Nc3 e5 6. d5 Nce7 7. c5 f5 8. Bb5+ Kf7 9. f3 Bh6 10. Bxh6 Nxh6 11. Qd2 Kg7 12. cxd6 cxd6 13. Nge2 a6 14.
Bd3 Bd7 15. O-O-O b5 16. Rdf1 b4 17. Nd1 Qb6 18. Kb1 Rac8 19. Ne3 Bb5 20. Bxb5 Qxb5 21.
h3 f4 22. Ng4 Nf7 23. Nf2 a5 24. Rc1 g5 25. Nd3 Ng6 26. Rxc8 Rxc8 27. Rc1 Rxc1+ 28.
Nexc1 Nh4 29. Qf2 Qc4 30. Ne1 a4 31. Qc2 Qb5 32. Ncd3 b3 33. axb3 axb3 34. Qc6 Qa5 35. Kc1 Qa7 36. Qc3 Qg1 37. Qd2 Qd4 38. Kd1 h5 39.
Qf2 Qa4 40. Qb6 g4 41. hxg4 hxg4 42. Qb4 Qa7 43. fxg4 Qg1 44. Qd2 Qd4 45. Qf2 Qxe4 46. Qxh4 Qxd5 47. g5 e4 48. Qxf4 exd3 49. Qf6+ Kg8 50. g6 Ne5 51. g7 Kh7 52. Qf8 Qg8 53.
Qxg8+ Kxg8 54. Kd2 Nc4+ 55. Kxd3 Nxb2+ 56. Kc3 Nd1+ 57. Kxb3 Ne3 58. g3 Kxg7 59. Kc3 Nf5 60. Kc4 Nxg3 61. Kd5 Nf5 62. Ke6 Ne3 63. Nd3 Nc2 64.
Nf4 d5 65. Kd6 d4 66. Kd5 d3 67. Nxd3 1/2-1/2

[Event "Early-Titled-Tuesday-Blitz-January-30-2024"]
[Site "Chess.com"]
[Date "2024.01.30"]
[Round "11"]
[White "Doublekk14"]
[Black "Savagelittlemole"]
[Result "0-1"]
[WhiteElo "2289"]
[BlackElo "2498"]
[TimeControl "180+1"]
[EndTime "10:13:09 PST"]
[Termination "Savagelittlemole won on time"]

1. c4 e5 2. Nc3 g6 3. e3 Bg7 4.
Nf3 Nc6 5. Be2 f5 6. d4 d6 7.
O-O Nge7 8. dxe5 Nxe5 9. Nd4 N7c6 10. f4 Nf7 11. Nxc6 bxc6 12. Bf3 Bd7 13. Bd2 O-O 14.
Rc1 Rb8 15. b3 Re8 16. Re1 Nh6 17. Qe2 Qh4 18. Qf2 Qxf2+ 19. Kxf2 Nf7 20. e4 fxe4 21. Nxe4 Bf5 22. Bc3 Bxe4 23. Rxe4 Rxe4 24. Bxe4 Bxc3 25. Rxc3 c5 26. Bd5 Kf8 27. Rh3 h5 28. Rg3 Nh8 29. f5 Kg7 30. Re3 Kf6 31. fxg6 Nxg6 32. Re6+ Kf5 33.
g3 Rf8 34. Ke3 Rf6 35. Re8 Ne5 36. Be4+ Kg4 37. Bg2 Kg5 38. Rg8+ Rg6 39. Ra8 Ng4+ 40. Ke4 Re6+ 41. Kd5 Re2 42. Bf3 Rxa2 43. Rg8+ Kf5 44. Be4+ Kf6 45. Rg6+ Kf7 46. h3 Nf6+ 47. Rxf6+ Kxf6 48.
Kc6 Rb2 49. Kxc7 Ke5 50. Bd5 Rxb3 51. g4 hxg4 52. hxg4 a5 53. g5 a4 54. g6 Rg3 55.
Bf7 a3 0-1

[Event "Early-Titled-Tuesday-Blitz-January-30-2024"]
[Site "Chess.com"]
[Date "2024.01.30"]
[Round "11"]
[White "Tunahan_Makaraci"]
[Black "SabinaFoisor"]
[Result "1-0"]
[WhiteElo "2522"]
[BlackElo "2375"]
[TimeControl "180+1"]
[EndTime "10:13:11 PST"]
[Termination "Tunahan_Makaraci won by resignation"]

1. d4 d5 2. e3 Nf6 3. Bd3 c5 4. c3 e6 5. f4 b6 6. Nf3 Be7 7. O-O O-O 8. Ne5 Ba6 9. Bxa6 Nxa6 10. Nd2 Nb8 11. Rf3 Ne4 12. Nxe4 dxe4 13. Rh3 f5 14.
Qh5 h6 15. Qg6 Rf6 16. Qg3 Nd7 17. Bd2 Qe8 18. c4 cxd4 19. exd4 Rc8 20. b3 Nxe5 21. fxe5 Rg6 22. Qf2 Bg5 23. Bxg5 hxg5 24. Rd1 f4 25. Qe2 g4 26. Rh4 e3 27. Rxg4 Qf7 28. d5 exd5 29.
cxd5 Rxg4 30. Qxg4 Rc2 31. e6 Qf6 32. d6 Rd2 33. e7 Qg6 34. Rxd2 exd2 35. Qd1 f3 36. Qxd2 fxg2 37. Qd5+ Kh7 38. Qxg2 Qb1+ 39. Kf2 Qc2+ 40. Kg3 Qg6+ 41. Kf2 Qc2+ 42. Kf3 Qc6+ 43. Ke3 Qc3+ 44. Ke4 Qc6+ 45. Ke5 Qxg2 46. d7 Qxh2+ 47. Ke6 Qe2+ 48. Kd6 Qd3+ 49. Kc7 Qc3+ 50. Kd8 Qe5 51. e8=Q Qb8+ 52. Ke7 Qe5+ 53. Kf8 Qf4+ 54. Qf7 Qb8+ 55. Ke7 Qe5+ 56. Qe6 Qg5+ 57. Ke8 Qh5+ 58. Kd8 Qg5+ 59. Kc7 Qc5+ 60. Kb7 Qf8 61. Qe4+ Kh6 62. Qh4+ Kg6 63. d8=Q Qf7+ 64.
Ka8 Qf6 65. Qg4+ 1-0

[Event "Early-Titled-Tuesday-Blitz-January-30-2024"]
[Site "Chess.com"]
[Date "2024.01.30"]
[Round "11"]
[White "Let_it_be_1"]
[Black "mac0504"]
[Result "0-1"]
[WhiteElo "2590"]
[BlackElo "2737"]
[TimeControl "180+1"]
[EndTime "10:13:12 PST"]
[Termination "mac0504 won by resignation"]

1. e4 Nc6 2. Nf3 d6 3. d4 Nf6 4. Nbd2 g6 5. c3 Bg7 6. Bb5 O-O 7. O-O Bd7 8. Re1 a6 9. Ba4 b5 10. Bb3 e5 11. dxe5 dxe5 12. Nf1 Qe7 13. Bg5 Na5 14. Ne3 c6 15. Bc2 h6 16. Bh4 Nb7 17.
b4 Rfd8 18. Qe2 Nd6 19. Nd2 a5 20. a4 axb4 21. cxb4 Be6 22. a5 Nde8 23. Rab1 Rd4 24. Bg3 Nh5 25. Nf5 gxf5 26. Qxh5 Rxd2 27. exf5 Rxc2 28.
fxe6 Qxe6 29. Bxe5 Qg6 30. Qd1 Qf5 31. Bg3 Nf6 32. Re5 Qg6 33. Qe1 Kh7 34. Re7 Ra2 35.
Rc7 Re8 36. Qf1 Ne4 37. Rc1 Nxg3 38. hxg3 Bd4 39. R7xc6 Rxf2 40. Qxf2 Bxf2+ 41. Kxf2 Qf5+ 42. Kg1 Re2 43. Rf1 Qd7 44. Rcf6 Qd4+ 45. Kh2 Qe4 46.
Rxf7+ Kg6 47. R7f6+ Kg5 48. R6f2 Rxf2 49. Rxf2 Qxb4 50. Ra2 Qb3 51. Rf2 Qa4 52. g4 Qxa5 53. Kh3 Qa3+ 54. g3 b4 55. Rf5+ Kg6 56. Rb5 b3 57.
Rb6+ Kg7 58. Rb7+ Kf6 59. Rb6+ Ke5 60. Rb5+ Kd4 0-1

[Event "Early-Titled-Tuesday-Blitz-January-30-2024"]
[Site "Chess.com"]
[Date "2024.01.30"]
[Round "11"]
[White "Brahianzevich"]
[Black "ProChessWICTH"]
[Result "0-1"]
[WhiteElo "2386"]
[BlackElo "2533"]
[TimeControl "180+1"]
[EndTime "10:13:12 PST"]
[Termination "ProChessWICTH won by checkmate"]

1. e4 c5 2. Nf3 e6 3. Nc3 Nf6 4.
d4 cxd4 5. Nxd4 Nc6 6. Ndb5 Bb4 7.
a3 Bxc3+ 8. Nxc3 d5 9. exd5 exd5 10. Bb5 O-O 11. O-O Bg4 12. f3 Bf5 13. Bg5 d4 14. Bxc6 dxc3 15. Qxd8 Raxd8 16. Bxb7 Rb8 17. Bxf6 gxf6 18.
Be4 cxb2 19. Bxf5 bxa1=Q 20. Rxa1 Rfd8 21. Bd3 Rb2 22. Kf1 Rdb8 23. c4 Rd2 24. Be4 Rbb2 25. f4 Rf2+ 26. Kg1 Rxf4 27. Bd5 Rd4 28. a4 Rbd2 29.
Ra3 R4d3 30. Ra1 Rd1+ 31. Rxd1 Rxd1+ 32. Kf2 Kf8 33. Ke3 Ke7 34. h3 h6 35. Kf4 Ra1 36. Bc6 Kd6 37. Bb5 Kc5 38. Kf5 Rf1+ 39. Kg4 Rf2 40. g3 Kb6 41. Be8 Ra2 42. Bxf7 Rxa4 43. Kf5 Ra3 44. g4 Rxh3 45. Kxf6 Rg3 46. Be6 Kc5 47.
Kg6 a5 48. Kxh6 a4 49. g5 a3 50. Bf5 Rxg5 51. Kxg5 a2 52. Kf6 a1=Q+ 53. Ke7 Kxc4 54.
Be6+ Kc5 55. Kd7 Qe5 56. Ke7 Qd6+ 57. Kf7 Kd4 58. Kf6 Qc7 59. Kf5 Qe5+ 60. Kg6 Qxe6+ 61. Kh5 Qg8 62. Kh6 Ke4 63. Kh5 Kf5 64. Kh4 Qg4# 0-1

[Event "Early-Titled-Tuesday-Blitz-January-30-2024"]
[Site "Chess.com"]
[Date "2024.01.30"]
[Round "11"]
[White "Sanyura"]
[Black "VomDingJetztHer"]
[Result "1-0"]
[WhiteElo "2656"]
[BlackElo "2500"]
[TimeControl "180+1"]
[EndTime "10:13:13 PST"]
[Termination "Sanyura won by checkmate"]

1. e4 c5 2. Nf3 d6 3. d4 cxd4 4. Nxd4 Nf6 5. Nc3 g6 6. Be3 Bg7 7. Bc4 O-O 8. h3 Nc6 9. Bb3 Bd7 10. O-O a6 11. Qe2 b5 12. Rad1 Nxd4 13. Bxd4 Rc8 14. Rfe1 b4 15. Nd5 Bb5 16. Nxf6+ Bxf6 17. Qd2 Bxd4 18. Qxd4 a5 19. e5 dxe5 20. Qxe5 Qb6 21. Qxe7 a4 22. Bd5 Rxc2 23. Re3 Bc4 24. Bxc4 Rxc4 25.
Rf3 Rc7 26. Qe4 b3 27. axb3 axb3 28. h4 Qb5 29. Rdd3 Rc1+ 30. Kh2 Re8 31. Qf4 Qb8 32. Qxb8 Rxb8 33. Rxb3 Rxb3 34. Rxb3 h5 35. Kg3 Kg7 36. Kf3 Re1 37. g3 Kf6 38. Rb6+ Kg7 39. Kf4 Re2 40.
f3 Re1 41. b4 Kg8 42. Rb8+ Kg7 43. b5 Kf6 44. g4 hxg4 45. fxg4 Rf1+ 46. Ke3 Rg1 47.
g5+ Kf5 48. b6 Rb1 49. Kd4 Kg4 50. b7 Kf5 51. Kd5 Rd1+ 52. Kc6 Rc1+ 53. Kd6 Rb1 54. Ke7 Rb2 55. Kxf7 Rb1 56. Kg7 Rb2 57. Rf8+ Kg4 58. b8=Q Re2 59. Qc8+ Kg3 60. Qc3+ Kg2 61. Qf3+ Kg1 62. Qxe2 Kh1 63. Rf1# 1-0

[Event "Early-Titled-Tuesday-Blitz-January-30-2024"]
[Site "Chess.com"]
[Date "2024.01.30"]
[Round "11"]
[White "PavelShkapenko"]
[Black "jcibarra"]
[Result "0-1"]
[WhiteElo "2764"]
[BlackElo "2884"]
[TimeControl "180+1"]
[EndTime "10:13:14 PST"]
[Termination "jcibarra won by resignation"]

1. e4 c5 2. c3 Nf6 3. e5 Nd5 4. d4 cxd4 5. cxd4 d6 6. Nf3 Nc6 7. Bc4 dxe5 8. Nxe5 e6 9. O-O Bd6 10. Bxd5 exd5 11. Bf4 Ne7 12. Nc3 O-O 13. Nd3 Bf5 14. Bxd6 Qxd6 15. Re1 Nc6 16. Nb5 Qd8 17. a3 Qb6 18. Nc3 Rad8 19. Nf4 Qxb2 20. Nfxd5 Rd7 21. Ra2 Qxa2 22. Nf6+ gxf6 23. Nxa2 Nxd4 24. Qh5 Bg6 25. Qh4 Kg7 26. Nc3 Rc8 27. Ne4 Rc6 28. f3 Re6 29. Nc5 Rxe1+ 30. Qxe1 Rc7 31. Qb4 Nc2 32. Qb5 b6 33. Na6 Nd4 34. Qb2 Rc1+ 35. Qxc1 Ne2+ 36. Kf2 Nxc1 37. Ke3 Nb3 38. Nb4 Nc5 39. Nc6 a5 40. Kd4 Bd3 41. Ne7 Bf1 42. g3 Bg2 43. Nc8 Nd7 44. f4 Kf8 45. Nd6 Bc6 46. Nf5 Nc5 47. Nd6 Ne6+ 48. Kc4 Ke7 49. Nc8+ Kd8 50. Nxb6 Kc7 51.
Nd5+ Bxd5+ 52. Kxd5 Kd7 53. h3 Kc7 54. f5 Ng5 55. h4 Nf3 56. Kc5 Nd2 57. Kb5 Ne4 58. g4 Nf2 59. g5 fxg5 60. hxg5 Ne4 61. g6 fxg6 62. fxg6 hxg6 63. Kxa5 g5 64. Kb5 g4 65. Kc4 g3 66. Kd3 g2 67. Kxe4 g1=Q 0-1

[Event "Early-Titled-Tuesday-Blitz-January-30-2024"]
[Site "Chess.com"]
[Date "2024.01.30"]
[Round "11"]
[White "BelyakovBogdan"]
[Black "GelmanAlexander"]
[Result "1/2-1/2"]
[WhiteElo "2581"]
[BlackElo "2793"]
[TimeControl "180+1"]
[EndTime "10:13:14 PST"]
[Termination "Game drawn - insufficient material"]

1. e4 c5 2. Nf3 e6 3. g3 Nc6 4. Bg2 Nf6 5. d3 d6 6. O-O Be7 7. c3 O-O 8. Qe2 Qc7 9. a4 b6 10. Na3 Bb7 11. Bf4 Rfd8 12. Rfe1 Nd7 13. d4 e5 14. dxe5 Ncxe5 15. a5 Bc6 16. axb6 axb6 17. Bxe5 Nxe5 18. Nxe5 dxe5 19. Bf1 Bg5 20. Qf3 g6 21. Bc4 Kg7 22. Bd5 f5 23. Nc4 Bxd5 24. exd5 e4 25. d6 Qc6 26. Qd1 Rxa1 27. Qxa1 b5 28. Qa7+ Rd7 29. Ne5 Rxa7 30. Nxc6 Ra6 31. Ne5 Rxd6 32. f4 Bf6 33. Ra1 Bxe5 34. fxe5 Re6 35. Ra5 Rxe5 36. Rxb5 Kf6 37. Kf2 Rd5 38. Ke2 h5 39. b4 Ke5 40.
bxc5 g5 41. c4 Rd4 42. c6+ Ke6 43. Rc5 Rd8 44. c7 Rc8 45. Ke3 Kd6 46. Rxf5 Rxc7 47. Rxg5 h4 48. Rh5 hxg3 49. Rh6+ Ke5 50. hxg3 Rxc4 51.
Rh5+ Kf6 52. Ra5 Rb4 53. Kf4 Kg6 54. Re5 e3+ 55. Kxe3 Rb3+ 56. Kf4 Rb4+ 57. Kf3 Rb3+ 58. Re3 Rxe3+ 59. Kxe3 Kg5 60. g4 Kxg4 1/2-1/2

[Event "Early-Titled-Tuesday-Blitz-January-30-2024"]
[Site "Chess.com"]
[Date "2024.01.30"]
[Round "11"]
[White "GMKrikor"]
[Black "FGHSMN"]
[Result "0-1"]
[WhiteElo "2809"]
[BlackElo "2920"]
[TimeControl "180+1"]
[EndTime "10:13:18 PST"]
[Termination "FGHSMN won on time"]

1. Nf3 Nf6 2. c4 b6 3. Nc3 Bb7 4. d4 g6 5. Qc2 d5 6. cxd5 Nxd5 7. e4 Nxc3 8. bxc3 Bg7 9. Bb5+ c6 10. Bd3 O-O 11. O-O Nd7 12. Rb1 c5 13. Be3 cxd4 14.
cxd4 Rc8 15. Qe2 e6 16. Rfd1 Qe7 17. h4 Nf6 18. Bg5 h6 19. Bd2 Rfd8 20. a4 Bc6 21. a5 b5 22. Ne5 Be8 23. Bb4 Qb7 24. Bc5 a6 25. Bb6 Rd6 26. Bc5 Rdd8 27. Bb6 Rd6 28.
Rbc1 Nd7 29. Nxd7 Rxd7 30. Qe3 Rd6 31. Rxc8 Qxc8 32. Rc1 Rc6 33. Rxc6 Bxc6 34. h5 g5 35. Qc1 Qd7 36. Qc5 Bb7 37. Bc2 Bf8 38. Qc3 b4 39. Qc4 Qc6 40. Bc5 e5 41. Qxb4 exd4 42. Bxf8 Qxc2 43. Bxh6 Qd1+ 44. Kh2 Qxh5+ 45. Kg1 Qxh6 46. Qxb7 Qd6 47. Qb6 Qd7 48. Kf1 d3 49. Ke1 Qc8 50.
Qb1 Qc3+ 51. Kd1 Kg7 52. f3 Kg6 53. Qc1 Qxa5 54. Qc6+ Kg7 55. Qd6 Qc3 56. e5 Qc2+ 0-1